 Seeded DCSS version 0.28-a0-1236-gb25a51b929 (webtiles) character file.

Game seed: 20211225 (custom seed)

2307 flotson the Ducker (level 9, -3/69 HPs)
             Began as a Demonspawn Gladiator on Dec 25, 2021.
             Was an Initiate of Gozag.
             Slain by Harold (18 damage)
             ... on level 8 of the Dungeon.
             The game lasted 00:12:56 (8124 turns).

flotson the Ducker (Demonspawn Gladiator)           Turns: 8124, Time: 00:12:58

Health: -3/69      AC: 10    Str: 20    XL:     9   Next: 18%
Magic:  9/9        EV: 14    Int: 15    God:    Gozag
Gold:   660        SH:  0    Dex: 14    Spells: 8/8 levels left

rFire   + . .      SeeInvis .   a - +2 whip (elec)
rCold   . . .      Faith    .   (no shield)
rNeg    . . .      Spirit   .   e - +2 leather armour {rF+}
rPois   .          Reflect  .   (helmet restricted)
rElec   .          Harm     .   y - +0 cloak
rCorr   .          Rampage  .   s - +0 pair of gloves
Will    ++...                   q - +2 pair of boots
Stlth   +.........              (no amulet)
HPRegen 0.00/turn               w - ring of willpower
MPRegen 0.11/turn               (no ring)

@: lethally poisoned (-3 -> -15), marked, inhibited regen
A: horns 1, powered by death 1, spiny 1, big brain 3, strong-willed 1, inhibited
regeneration, MP-powered wands
a: Renounce Religion, Potion Petition, Call Merchant, Bribe Branch


You were on level 8 of the Dungeon.
You worshipped Gozag.
Gozag was pleased with you.
You visited 2 branches of the dungeon, and saw 9 of its levels.
You also visited: Sewer.

You collected 742 gold pieces.
You spent 30 gold pieces at shops.
You paid 52 gold pieces to Gozag.

Inventory:

Hand Weapons
 a - a +2 whip of electrocution (weapon)
 b - a +0 hand crossbow of freezing
Missiles
 m - 16 poisoned darts (quivered)
 p - 99 bolts
 A - 4 javelins
Armour
 e - a +2 leather armour of fire resistance (worn)
 q - a +2 pair of boots (worn)
 s - a +0 pair of gloves (worn)
 y - a +0 cloak (worn)
Jewellery
 w - a ring of willpower (left hand)
Wands
 i - a wand of flame (20)
 t - a wand of paralysis (17)
 v - a wand of polymorph (2)
Scrolls
 f - 10 scrolls of identify {unknown}
 h - a scroll of enchant weapon {unknown}
 k - 3 scrolls of teleportation {unknown}
 r - 2 scrolls of magic mapping {unknown}
 x - 2 scrolls of immolation {unknown}
 B - a scroll of enchant armour {unknown}
 C - a scroll of silence {unknown}
 D - a scroll of acquirement {unknown}
Potions
 g - 3 potions of mutation
 j - a potion of cancellation {unknown}
 n - 4 potions of heal wounds {unknown}
 o - 2 potions of brilliance {unknown}
 u - 2 potions of berserk rage {unknown}
 z - 2 potions of attraction {unknown}


   Skills:
 + Level 5.7 Fighting
 + Level 5.7 Maces & Flails
 + Level 5.2 Throwing
 + Level 3.3 Armour
 + Level 5.7 Dodging
 + Level 3.6 Evocations


You had 8 spell levels left.
You didn't know any spells.
Your spell library contained the following spells:

 Spells                   Type           Power      Damage    Failure   Level
 Animate Skeleton         Necr           0%         N/A       12%         1
 Apportation              Tloc           0%         N/A       12%         1
 Pain                     Necr           0%         1d4       12%         1
 Summon Small Mammal      Summ           0%         N/A       12%         1
 Vampiric Draining        Necr           0%         2d6       34%         3


Dungeon Overview and Level Annotations

Branches:
Dungeon (8/15)             Temple (1/1) D:4           Sewer (visited)
   Lair: D:8-11

Altars:
Fedhas
Gozag
Uskayaw
Xom
Yredelemnul

Shops:
D:2 *

Annotations:
D:8 Harold


Innate Abilities, Weirdness & Mutations

You have a pair of small horns on your head.
You regenerate a little health from kills.
You are partially covered in sharp spines.
You have an absolutely massive brain. (Int +6, Wiz)
You are strong-willed. (Will+)
You do not regenerate when monsters are visible.
You expend magic power (3 MP) to strengthen your wands.


Message History

Harold hits you with a +1 trident of venom!
You are too injured to fight recklessly!
You are too injured to fight recklessly!
You are too injured to fight recklessly!
You are too injured to fight recklessly!
You are too injured to fight recklessly!
You are too injured to fight recklessly!
You are too injured to fight recklessly!
You feel better. Harold is struck by your spines.
Harold hits you with a +1 trident of venom!
You are poisoned.
Aiming: Paralyse
Press: ? - help, Shift-Dir - straight line, f - Harold
Aim: Harold, wielding a +1 trident of venom, wearing a +0 scale mail and quivering 2 throwing nets (moderately wounded, chance to affect: 23%)
Okay, then.
Unknown command.
Throw: throwing net
Press: ? - help, Q - select action, (/) - cycle Shift-Dir - straight line, f - Harold
Aim: Harold, wielding a +1 trident of venom, wearing a +0 scale mail and quivering 2 throwing nets (moderately wounded, 73% to hit)
You throw a throwing net. The throwing net closely misses Harold.
You feel sick. Harold misses you.
Throw: dart (curare)
Press: ? - help, Q - select action, (/) - cycle Shift-Dir - straight line, f/p - Harold
Aim: Harold, wielding a +1 trident of venom, wearing a +0 scale mail and quivering 2 throwing nets (moderately wounded, 73% to hit)
You throw a curare-tipped dart.
The curare-tipped dart barely misses Harold.
You feel better. Harold is struck by your spines.
Harold hits you with a +1 trident of venom!
* * * LOW HITPOINT WARNING * * *
You are poisoned.
Okay, then.
Unknown command.
It was a potion of mutation.
You feel extremely strange.
You feel your magical essence link to the dungeon's wands.
Your regeneration stops near monsters.
You feel strong-willed.
* * * LOW HITPOINT WARNING * * *
You feel very sick.
Harold hits you with a +1 trident of venom!!
You die...
Your body crumbles into a pile of gold.

.. #### #. ..#. #.# #...
#.##.#.###.######## #...
..?.............).###...
........#.......)....)..
........#............)..
........#...............
........##..............
((....@@..=#.....#......
..<........#.....#......
#######....#.....#......
#....#.#####......
#..$.#.# #######
#...>..# #....### ######
########


You could see Harold.

Vanquished Creatures
  A water moccasin (D:7)
  Duvessa (D:6)
  2 orc warriors
  A centaur (D:6)
  2 phantoms
  2 kobold brigands (Sewer)
  A bullfrog (D:7)
  A wyvern zombie (D:7)
  2 scorpions (D:5)
  A wyvern skeleton (D:6)
  Dowan (D:7)
  6 killer bees (D:7)
  A bullfrog zombie (D:6)
  3 orc priests
  A centaur zombie (D:5)
  3 bullfrog skeletons
  2 jellies
  Crazy Yiuf (D:7)
  A hound (D:4)
  A centaur skeleton (D:7)
  2 iguanas
  6 orc wizards
  A hound skeleton (D:4)
  A howler monkey zombie (D:5)
  Robin (D:2)
  6 gnolls (D:4)
  A howler monkey skeleton (D:5)
  7 adders
  An ufetubus (D:7)
  2 worms
  3 dart slugs
  35 orcs
  7 endoplasms
  4 giant cockroaches
  9 goblins
  10 hobgoblins
  10 jackals
  11 ball pythons
  9 bats
  4 frilled lizards
  24 kobolds
  A quokka skeleton (D:4)
  11 rats
200 creatures vanquished.

Vanquished Creatures (others)
  2 fungi (D:7)
  3 plants (Sewer)
5 creatures vanquished.

Grand Total: 205 creatures vanquished

Notes
Turn   | Place    | Note
-------+----------+-------------------------------------------
     0 | D:1      | flotson the Demonspawn Gladiator began the quest for the
                  | Orb.
     0 | D:1      | Reached XP level 1. HP: 16/16 MP: 1/1
   798 | D:1      | Gained mutation: You have an unusually large brain. (Int
                  | +2) [demonic ancestry]
   798 | D:1      | Reached XP level 2. HP: 19/22 MP: 2/2
  1495 | D:2      | Found Cimpugum's General Store.
  1505 | D:2      | Bought a potion of curing for 30 gold pieces
  1508 | D:2      | Noticed Robin
  1781 | D:1      | Gained mutation: You have a pair of small horns on your
                  | head. [demonic ancestry]
  1781 | D:1      | Reached XP level 3. HP: 23/28 MP: 3/3
  2057 | D:2      | Killed Robin
  2310 | D:2      | Found a faded altar of an unknown god.
  2326 | D:2      | Gained mutation: You have an extremely huge brain. (Int +4)
                  | [demonic ancestry]
  2326 | D:2      | Reached XP level 4. HP: 31/34 MP: 4/4
  2563 | D:2      | Found a hide-covered altar of Uskayaw.
  2813 | D:3      | Found a shimmering altar of Xom.
  2814 | D:3      | Found a shimmering altar of Xom.
  2830 | D:3      | Found a shimmering altar of Xom.
  2830 | D:3      | Found a shimmering altar of Xom.
  2832 | D:3      | Found a shimmering altar of Xom.
  2832 | D:3      | Found a shimmering altar of Xom.
  2834 | D:3      | Found a shimmering altar of Xom.
  2979 | D:3      | Found a glowing drain.
  3008 | Sewer    | Entered a sewer
  3115 | Sewer    | Noticed a kobold brigand
  3115 | Sewer    | Noticed a kobold brigand
  3138 | Sewer    | Killed a kobold brigand
  3139 | Sewer    | Reached XP level 5. HP: 19/41 MP: 5/5
  3405 | Sewer    | Gained mutation: You regenerate a little health from kills.
                  | [demonic ancestry]
  3405 | Sewer    | Reached XP level 6. HP: 43/47 MP: 6/6
  4716 | D:4      | Gained mutation: You are partially covered in sharp spines.
                  | [demonic ancestry]
  4716 | D:4      | Reached XP level 7. HP: 52/54 MP: 7/7
  4794 | D:4      | Found a staircase to the Ecumenical Temple.
  4812 | Temple   | Entered the Ecumenical Temple
  4820 | Temple   | Became a worshipper of Gozag Ym Sagoz the Greedy
  4973 | D:4      | You fall into a shaft and drop 1 floor!
  4973 | D:5      | Entered Level 5 of the Dungeon
  5452 | D:5      | Reached skill level 1 in Armour
  5452 | D:5      | Reached skill level 1 in Evocations
  6011 | D:6      | Gained mutation: You have an absolutely massive brain. (Int
                  | +6, Wiz) [demonic ancestry]
  6011 | D:6      | Reached XP level 8. HP: 60/61 MP: 8/8
  6213 | D:6      | Reached skill level 5 in Dodging
  6425 | D:6      | Reached skill level 5 in Maces & Flails
  6643 | D:6      | Identified the -3 helmet "Jagun" {rF+ Str+2}
  6750 | D:7      | Noticed Duvessa
  6750 | D:7      | Noticed Dowan
  6758 | D:7      | Killed Dowan
  6767 | D:6      | Killed Duvessa
  6768 | D:6      | Reached skill level 5 in Fighting
  6976 | D:7      | Identified the +7 hunting sling of Shrieking Guilt {venom,
                  | Fragile rPois Will++ Int+3}
  7019 | D:7      | Reached skill level 5 in Throwing
  7028 | D:7      | Reached XP level 9. HP: 47/68 MP: 9/9
  7511 | D:7      | Found a runed translucent door.
  7512 | D:7      | Noticed Crazy Yiuf
  7517 | D:7      | Killed Crazy Yiuf
  8107 | D:8      | Noticed Harold
  8124 | D:8      | Gained mutation: You expend magic power (3 MP) to
                  | strengthen your wands. [potion of mutation]
  8124 | D:8      | Gained mutation: You do not regenerate when monsters are
                  | visible. [potion of mutation]
  8124 | D:8      | Gained mutation: You are strong-willed. (Will+) [potion of
                  | mutation]
  8124 | D:8      | Slain by Harold

Illustrated notes

Levels and vault maps discovered:
D:1:      minmay_arrival_widening_spiral_wide, layout_basic
D:2:      layout_loops_ring, serial_shops, shop_statue, basic_altar,
          chequers_ecumenical_altar_lobes, uniq_robin
D:3:      minmay_bubble_buster, layout_basic, nicolae_xom_altar_mimics,
          portal_sewer_entry_a
D:4:      layout_cave_pools, temple_green, serial_bayou_pond_b
D:5:      layout_cave_pools
D:6:      layout_basic, serial_park_tiny_1
D:7:      layout_basic, serial_co_window_serial, co_window_paths_a,
          co_window_of_opportunity_a, co_window_paths_a,
          co_window_of_opportunity_a, co_window_paths_a, co_window_broadway_b,
          co_window_corner_cb, co_window_broadway_a, co_window_paths_d,
          glass_columns_a, glass_columns_a, glass_columns_a, glass_columns_c,
          uniq_crazy_yiuf_cottage, uniq_duvessa
D:8:      layout_basic, hellmonk_guarded_unrand_lears, uniq_harold
Temple:   regret_index_temple_sigil_plot

Skill      XL: |  1  2  3  4  5  6  7  8 |
---------------+-------------------------+-----
Throwing       | 2 3 4 5 |  5.2
Dodging        | 3 4 5 |  5.7
Maces & Flails | 3 4 5 |  5.7
Fighting       | 3 4 5 |  5.7
Armour         | 1 3 |  3.3
Evocations     | 1 3 |  3.6

Action                   |  1- 3 |  4- 6 |  7- 9 || total
-------------------------+-------+-------+-------++-------
Melee: Flail             |    21 |       |       ||    21
       Quarterstaff      |   105 |   109 |     6 ||   220
       Headbutt          |     7 |    38 |    40 ||    85
       Whip              |       |   141 |   185 ||   326
Throw: Throwing net      |       |     3 |     4 ||     7
       Dart              |       |       |     1 ||     1
  Use: Potion            |       |       |     3 ||     3
 Stab: Sleeping          |       |     3 |     1 ||     4
       Distracted        |       |       |     1 ||     1
       Held in net/web   |       |       |     1 ||     1
Armor: Leather armour    |    62 |    74 |    56 ||   192
Dodge: Dodged            |   104 |   143 |   111 ||   358

Table legend: (Time is in decaauts)
 A = Elapsed time spent in this place.
 B = Non-inter-level travel time spent in this place.
 C = Inter-level travel time spent in this place.
 D = Time resting spent in this place.
 E = Time spent auto-exploring this place.
 F = Levels seen in this place.
 G = Mean time per level.
                   A        B        C        D        E       F      G
               +--------+--------+--------+--------+--------+-----+--------+
         Total |   8162 |   7928 |    234 |    232 |   6208 |  10 |  816.2 |
       Dungeon |   7329 |   7103 |    226 |    232 |   5572 |   8 |  916.1 |
        Temple |     16 |      8 |      8 |      0 |      0 |   1 |   16.0 |
         Sewer |    816 |    816 |      0 |      0 |    636 |   1 |  816.0 |
               +--------+--------+--------+--------+--------+-----+--------+

Top non-repeatable levels by time:
     D:1: 1719 daAuts
     D:7: 1162 daAuts
     D:2: 1101 daAuts
     D:3: 977 daAuts
     D:6: 955 daAuts
   Sewer: 816 daAuts
     D:4: 737 daAuts
     D:5: 488 daAuts
     D:8: 185 daAuts
  Temple: 16 daAuts
